Map: Darkness Sanctuary LE

Players

Zest - Winner!

  • Race: Protoss Protoss
  • League: Master
  • Spawn Location: 5:00

PartinG

  • Race: Protoss Protoss
  • Spawn Location: 11:00

Event: HomeStory Cup XVII

VOD

Have the link to the VOD?

Description

Time

  • Played on: July 1, 2018, 8:13 a.m.
  • Length: 9:22

All games in this series

Show
View Real Time Build Order
Export as new Build Order

Zest Protoss - Winner!

Build Orders:  

Get SALT Encoding   

  12  0:00  Probe  
  13  0:12  Probe  
  14  0:17  Pylon  
  14  0:24  Probe  
  15  0:32  Probe  
  15  0:37  Gateway  
  15  0:40  Probe  
  16  0:46  Assimilator  
  17  0:51  Probe  
  18  0:59  Probe  
  19  1:04  Assimilator  
  19  1:07  Probe  
  19  1:15  Gateway  
  19  1:17  Probe  
  20  1:24  Cybernetics Core  
  21  1:29  Probe  
  22  1:34  Pylon  
  22  1:41  Probe  
  23  1:53  Probe, Warp Gate  
  24  2:01  Adept  
  26  2:02  Adept  
  28  2:13  Pylon  
  28  2:29  Stalker  
  30  2:31  Stalker  
  32  2:51  Nexus, Probe  
  33  3:03  Probe  
  34  3:05  Forge  
  34  3:06  Sentry  
  34  3:07  Sentry  
  38  3:15  Pylon  
  38  3:20  Probe  
  38  3:26  Shield Battery  
  39  3:31  Protoss Ground Weapons Level 1  
  39  3:33  Probe  
  40  3:45  Probe  
  41  3:56  Photon Cannon  
  41  3:57  Probe  
  42  4:06  Stalker x2  
  46  4:20  Shield Battery  
  42  4:31  Sentry, Stalker  
  40  4:38  Pylon  
  39  4:40  Photon Cannon  
  39  4:44  Robotics Facility  
  39  4:54  Sentry  
  39  4:55  Sentry  
  37  5:07  Probe  
  37  5:11  Gateway  
  37  5:12  Gateway, Sentry  
  38  5:15  Pylon  
  38  5:23  Sentry  
  39  5:29  Shield Battery  
  37  5:40  Pylon  
  37  5:41  Sentry  
  39  5:52  Zealot  
  39  5:55  Immortal  
  43  6:14  Adept x2  
  43  6:16  Zealot  
  49  6:25  Pylon  
  49  6:29  Warp Prism  
  49  6:58  Stalker x2  
  49  6:59  Stalker  
  55  7:03  Stalker  
  55  7:26  Immortal  
  55  7:39  Sentry  
  55  7:43  Sentry  
  59  7:48  Nexus  
  59  7:58  Shield Battery  
  59  8:01  Observer  
  59  8:17  Pylon  
  59  8:26  Sentry  
  61  8:29  Adept  
  61  8:35  Adept  
  56  8:58  Stalker  
  56  9:04  Zealot  
  56  9:13  Adept  
Show
View Real Time Build Order
Export as new Build Order

PartinG Protoss 

Build Orders:  

Get SALT Encoding   

  12  0:00  Probe  
  13  0:13  Probe  
  14  0:18  Pylon  
  14  0:24  Probe  
  15  0:32  Probe  
  15  0:40  Gateway, Probe  
  16  0:46  Assimilator  
  17  0:50  Probe  
  17  0:55  Assimilator  
  18  0:58  Probe  
  19  1:07  Gateway, Probe  
  20  1:17  Probe  
  21  1:28  Cybernetics Core  
  21  1:29  Probe  
  22  1:35  Pylon  
  22  1:42  Probe  
  22  1:46  Warp Gate  
  23  1:54  Probe  
  24  2:01  Pylon  
  24  2:04  Stalker  
  24  2:05  Sentry  
  28  2:31  Stalker  
  28  2:34  Stalker  
  32  2:41  Gateway  
  32  2:42  Gateway  
  32  3:02  Stalker  
  32  3:04  Stalker  
  36  3:09  Pylon  
  36  3:19  Shield Battery  
  36  3:51  Stalker x4  
  36  3:55  Pylon  
  43  4:21  Stalker x3  
  45  4:36  Stalker  
  47  4:38  Probe  
  48  4:57  Stalker x3  
  52  5:07  Stalker  
  50  5:09  Probe  
  49  5:24  Stalker  
  49  5:25  Stalker  
  47  5:38  Stalker x2  
  49  5:47  Probe  
  49  5:49  Stalker  
  46  6:05  Stalker x2  
  44  6:16  Sentry x2  
  48  6:35  Sentry  
  48  6:37  Adept  
  52  6:42  Adept  
  52  6:50  Nexus  
  51  6:56  Probe  
  52  7:05  Robotics Facility  
  48  7:19  Sentry  
  48  7:21  Probe, Zealot x2  
  53  7:36  Probe  
  48  7:38  Stalker  
  48  7:42  Warp Prism  
  50  7:49  Probe  
  51  7:54  Stalker  
  55  8:00  Pylon  
  55  8:05  Pylon  
  55  8:20  Stalker x2  
  59  8:29  Stalker  
  61  8:37  Stalker  
  61  8:46  Stalker  
  57  8:59  Zealot x2  
  53  9:04  Zealot  
  43  9:12  Zealot  
Tags
 
Add a new tag
Caveats
  • Supply blocks, unpowered buildings, or Contaminate may cause inaccurate times.
  • Supply counts are checked every 10 seconds.